 Dungeon Crawl Stone Soup version 0.17-a0-1020-ge683cc4 (webtiles) character file.

3689 Bubblegod the Grappler (level 9, -1/85 HPs)
             Began as a Troll Monk on May 17, 2015.
             Was an Elder of Okawaru.
             Slain by an orc
             ... wielding a +0 trident
              (8 damage)
             ... on level 8 of the Dungeon on May 18, 2015.
             The game lasted 00:42:05 (7210 turns).

Bubblegod the Grappler (Troll Monk)                 Turns: 7210, Time: 00:42:05

Health: -1/85      AC:  5    Str: 23    XL:     9   Next: 90%
Magic:  8/8        EV: 12    Int:  6    God:    Okawaru [****..]
Gold:   350        SH:  0    Dex: 13    Spells: 0 memorised, 8 levels left

rFire  . . .     SeeInvis .       - Unarmed
rCold  . . .     Clarity  .     k - +0 robe
rNeg   . . .     SustAb   .     (no shield)
rPois  .         Gourm    +     (helmet restricted)
rElec  .         Spirit   .     (no cloak)
rCorr  .         Warding  .     (gloves unavailable)
rMut   .         Stasis   .     (boots unavailable)
MR     .....                    (no amulet)
Stlth  +.........               (no ring)
                                (no ring)

@: not resistant to hostile enchantments, very unstealthy
A: unfitting armour, claws 3, fast metabolism 3, gourmand, regeneration 2,
shaggy fur 1, tough skin 2
a: Heroism, Renounce Religion


You were on level 8 of the Dungeon.
You worshipped Okawaru.
Okawaru was greatly pleased with you.
You were very full.

You visited 1 branch of the dungeon, and saw 8 of its levels.
You also visited: Ossuary.

You collected 350 gold pieces.

Inventory:

Hand weapons
 q - a +0 spear
 r - a +3 scythe of holy wrath
 t - a +2 trident
 x - a +0 mace of crushing
 F - a +0 trident of holy wrath
Missiles
 p - 6 javelins (quivered)
 G - 98 stones
Armour
 k - a +0 robe (worn)
Magical devices
 a - a wand of digging (9)
Scrolls
 g - 3 scrolls of magic mapping
 j - a scroll of noise {unknown}
 m - 2 scrolls of enchant armour
 u - a scroll of blinking {unknown}
 y - a scroll of recharging {unknown}
 z - 2 scrolls of remove curse
 D - 3 scrolls of teleportation
 E - 5 scrolls of fog
 J - a scroll of amnesia {unknown}
Potions
 c - a potion of cure mutation {unknown}
 d - 3 potions of curing {unknown}
 f - a potion of beneficial mutation {unknown}
 h - 4 potions of brilliance {unknown}
 i - a potion of resistance {unknown}
 w - 2 potions of cancellation {unknown}
 A - a potion of flight {unknown}
 B - a potion of lignification {unknown}
 C - 2 potions of magic {unknown}
 H - a potion of haste {unknown}
 M - a potion of berserk rage {unknown}
Books
 K - a book of Beasts

   Spells                             Type                      Level
   a - Summon Butterflies             Summoning                    1
   b - Call Canine Familiar           Summoning                    3
   c - Summon Ice Beast               Ice/Summoning                4
   d - Summon Mana Viper              Hexes/Summoning              5
   e - Summon Hydra                   Summoning                    7
Comestibles
 b - 4 bread rations
 l - 10 chunks of flesh
 o - 2 meat rations
 s - a royal jelly
 v - a slice of pizza
 L - 2 beef jerkies
 N - 3 fruits


   Skills:
 + Level 4.5 Fighting
 * Level 4.7 Polearms
 + Level 6.1 Dodging
 - Level 1.1 Stealth
 - Level 10.7 Unarmed Combat
 + Level 1.1 Invocations


You had 8 spell levels left.
You didn't know any spells.

Dungeon Overview and Level Annotations

Branches:
Dungeon (8/15)             Temple (0/1) D:5
   Lair: D:8-11

Altars:
Ashenzari
Cheibriados
Kikubaaqudgha
Nemelex Xobeh
Okawaru
Vehumet
Yredelemnul

Shops:
D:6 %


Innate Abilities, Weirdness & Mutations

You are too large for most types of armour.
You have claws for hands.
Your metabolism is lightning-fast.
You like to eat raw meat.
You heal very quickly.
You are covered in fur (AC +1).
You have very tough skin (AC +2).


Message History

The orc hits you from afar with a trident.
You scratch the orc warrior.
The orc warrior is moderately wounded.
The orc warrior hits you with a mace. The orc misses you.
The orc completely misses you.
You barely miss the orc warrior.
The orc warrior is moderately wounded.
The orc hits you with a short sword!
* * * LOW HITPOINT WARNING * * *
The orc warrior closely misses you.
You scratch the orc warrior but do no damage.
The orc warrior is moderately wounded.
The orc hits you from afar with a trident.
* * * LOW HITPOINT WARNING * * *
You closely miss the orc warrior.
The orc warrior is moderately wounded.
The orc misses you. The orc warrior hits you with a mace!
* * * LOW HITPOINT WARNING * * *
The orc hits you from afar with a trident!
You die...

##+####+####+###
................
................
................
#....o.........
#
#...oo@........
#.
#....##...####+
#.. +.. #.).#
+... # #...#
#....####+##...#
#..............+
#......<.......#
#..............#
#....####.##...#


You could see an orc warrior (bleeding) and 2 orcs.

Vanquished Creatures
  The ghost of Jine the Covered, an experienced HuFi of Makhleb (D:6)
  The ghost of Herrn the Firebug, an experienced OpFE of Cheibriados (D:5)
  Sigmund (D:2)
  A hippogriff (D:7)
  A black bear (D:7)
  Duvessa (D:7)
  A sky beast (D:5)
  2 orc warriors
  3 centaurs
  The ghost of quik the Caller, an average TeSu of Elyvilon (D:4)
  A big kobold (D:7)
  An elf zombie (Ossuary)
  A giant frog (D:7)
  Dowan (D:7)
  2 scorpions (D:7)
  An electric eel (D:6)
  5 wights (D:6)
  2 crimson imps
  A hound (D:7)
  6 orc priests
  10 orc wizards
  A human zombie (Ossuary)
  A giant frog skeleton (D:7)
  6 worker ants
  2 iguanas
  A big kobold zombie (Ossuary)
  A hound skeleton (D:4)
  2 mummies (Ossuary)
  10 adders
  3 oozes
  2 adder zombies
  3 worms
  7 giant geckos
  41 orcs
  8 giant cockroaches
  13 goblins
  11 hobgoblins
  6 quokkas
  3 ball pythons
  15 bats
  2 giant newts
  A goblin zombie (Ossuary)
  14 hobgoblin zombies (Ossuary)
  A jackal (D:7)
  A jackal zombie (Ossuary)
  16 kobolds
  6 kobold zombies (Ossuary)
  10 orc zombies (Ossuary)
  19 rats
  A rat zombie (Ossuary)
  A spectral orc (D:4)
252 creatures vanquished.

Notes
Turn   | Place    | Note
--------------------------------------------------------------
     0 | D:1      | Bubblegod the Troll Monk began the quest for the Orb.
     0 | D:1      | Reached XP level 1. HP: 22/22 MP: 0/0
    40 | D:1      | Reached XP level 2. HP: 29/29 MP: 1/1
   576 | D:1      | Reached skill level 5 in Unarmed Combat
   576 | D:1      | Reached XP level 3. HP: 31/36 MP: 2/2
   742 | D:2      | Found a radiant altar of Vehumet.
   897 | D:2      | Found an ancient bone altar of Kikubaaqudgha.
   995 | D:2      | Found a snail-covered altar of Cheibriados.
  1082 | D:2      | Noticed Sigmund
  1088 | D:2      | Killed Sigmund
  1088 | D:2      | Reached skill level 6 in Unarmed Combat
  1088 | D:2      | Reached XP level 4. HP: 44/44 MP: 3/3
  1088 | D:2      | Reached XP level 5. HP: 50/50 MP: 4/4
  1166 | D:2      | Reached skill level 7 in Unarmed Combat
  1741 | D:3      | Reached XP level 6. HP: 55/59 MP: 5/5
  2127 | D:3      | Found a shattered altar of Ashenzari.
  2514 | D:4      | Found a sand-covered staircase.
  2523 | Ossuary  | Entered an ossuary
  2703 | Ossuary  | Reached skill level 8 in Unarmed Combat
  2823 | D:4      | Noticed quik's ghost (average TeSu)
  2827 | D:4      | Killed quik's ghost
  2827 | D:4      | Reached XP level 7. HP: 66/66 MP: 6/6
  3044 | D:4      | Found an iron altar of Okawaru.
  3198 | D:4      | Reached skill level 9 in Unarmed Combat
  3490 | D:4      | Found a basalt altar of Yredelemnul.
  3614 | D:5      | Entered Level 5 of the Dungeon
  3861 | D:5      | Noticed Herrn's ghost (experienced OpFE)
  4016 | D:5      | Killed Herrn's ghost
  4016 | D:5      | Reached skill level 10 in Unarmed Combat
  4016 | D:5      | Reached XP level 8. HP: 49/74 MP: 7/7
  4661 | D:4      | Became a worshipper of Warmaster Okawaru
  4661 | D:4      | Acquired Okawaru's first power
  4690 | D:5      | Found a staircase to the Ecumenical Temple.
  5251 | D:5      | Found a sparkling altar of Nemelex Xobeh.
  5343 | D:6      | Found Husmuwa's Food Emporium.
  5382 | D:6      | Reached skill level 1 in Polearms
  5398 | D:6      | Noticed Jine's ghost (experienced HuFi)
  5423 | D:6      | Killed Jine's ghost
  5423 | D:6      | Reached XP level 9. HP: 7/83 MP: 5/8
  6041 | D:6      | Reached skill level 5 in Dodging
  6650 | D:7      | Noticed Dowan
  6651 | D:7      | Noticed Duvessa
  6659 | D:7      | Killed Duvessa
  6662 | D:7      | Killed Dowan
  6945 | D:7      | Reached skill level 1 in Invocations
  7210 | D:8      | Slain by an orc

Vault maps used:
D:1:      onia_arrival_handbag
D:2:      vehumet_crystals, lemuel_crystal_altar, lemuel_doored_altar,
          uniq_sigmund
D:3:      lemuel_coloured_pillars_altar
D:4:      yredelemnul_forgotten_temple_becter, nicolae_overflow_hidden_temple,
          nicolae_ossuary_entry_monument
D:5:      temple_pool_b, first_bread, st_stairs_4, corexii_corridor_pit,
          nemelex_deck
D:6:      wad_lake_hut, serial_shops, nicolae_shop_crystal
D:7:      minmay_misc_feat_secret_circle, uniq_duvessa
D:8:      zin_purify
Ossuary:  ossuary_tomb_1

Action                   |  1- 3 |  4- 6 |  7- 9 || total
-------------------------+-------+-------+-------++-------
Melee: Unarmed           |    75 |   181 |   296 ||   552
       Scythe            |       |       |   144 ||   144
Invok: Heroism           |       |       |     5 ||     5
  Use: Scroll            |       |     8 |     4 ||    12
       Potion            |       |       |     1 ||     1
 Stab: Sleeping          |       |       |     3 ||     3
  Eat: Chunk             |    15 |    14 |    43 ||    72
